Construct Section Command Post
Selects Australian Defense Battlegroup
Selects Australian Defense Battlegroup
Selects Australian Light Infantry Section
Australian Light Infantry Section
Australian Light Infantry Section
Australian Light Infantry Section
Selects 2-pounder Anti-tank Gun Team
2-pounder Anti-tank Gun Team
Construct Platoon Command Post
Construct Platoon Command Post
Unlock M3 Stuart Light Tanks
Unlock Bishop Self-propelled Artillery
Selects CMP 15cwt Supply Run
Bishop Self-propelled Artillery
Selects Reinforced Resource Caches
6-pounder Anti-tank Gun Team
Bishop Self-propelled Artillery
Bishop Self-propelled Artillery
Selects Charged Creeping Barrage
Construct Company Command Post